 Dungeon Crawl Stone Soup version 0.23-a0-487-gc6253629db (webtiles) character file.

131 Naow the Shield-Bearer (level 5, 0/42 HPs)
             Began as a Formicid Fighter on Dec 1, 2018.
             Succumbed to an adder's poison
             ... on level 2 of the Dungeon.
             The game lasted 00:01:37 (1431 turns).

Naow the Shield-Bearer (Formicid Fighter)           Turns: 1431, Time: 00:01:37

Health: 0/42       AC:  7    Str: 22    XL:     5   Next: 37%
Magic:  5/5        EV:  8    Int:  7    God:
Gold:   115        SH: 10    Dex: 10    Spells: 4/4 levels left

rFire    . . .     SeeInvis +   a - +0 war axe
rCold    . . .     Gourm    .   c - +0 shield
rNeg     . . .     Faith    .   b - +0 scale mail
rPois    .         Spirit   .   (helmet unavailable)
rElec    .         Reflect  .   (no cloak)
rCorr    .         Harm     .   (no gloves)
MR       .....                  (no boots)
Stlth    ..........             (no amulet)
HPRegen  0.14/turn              (no ring)
MPRegen  0.09/turn              (no ring)

@: lethally poisoned (0 -> -3)
A: permanent stasis, dig shafts and tunnels, four strong arms, antennae 3
a: Dig, Shaft Self


You were on level 2 of the Dungeon.
You were not hungry.

You visited 1 branch of the dungeon, and saw 2 of its levels.

You collected 115 gold pieces.

Inventory:

Hand Weapons
 a - a +0 war axe (weapon)
Armour
 b - a +0 scale mail (worn)
 c - a +0 shield (worn)
Jewellery
 i - an uncursed amulet of guardian spirit {unknown}
 m - a +4 ring of dexterity {unknown}
Scrolls
 g - a scroll of identify {unknown}
 h - a scroll of remove curse {unknown}
 l - a scroll of blinking {unknown}
Potions
 d - a potion of might
 e - 2 potions of lignification {unknown}
 j - a potion of berserk rage {unknown}
 k - a potion of experience {unknown}
 n - a potion of flight {unknown}
Comestibles
 f - 3 rations


   Skills:
 + Level 4.1 Fighting
 + Level 3.0 Axes
 + Level 4.0 Armour
 + Level 0.2 Dodging
 + Level 0.1 Stealth
 + Level 4.8 Shields


You had 4 spell levels left.
You didn't know any spells.
Your spell library was empty.

Dungeon Overview and Level Annotations

Branches:
Dungeon (2/15)

Altars:


Innate Abilities, Weirdness & Mutations

You cannot be hasted, slowed, berserked, paralysed or teleported.
You can dig through walls and to a lower floor.
Your four strong arms can wield two-handed weapons with a shield.
You have a pair of large antennae on your head. (SInv)


Message History

The adder is moderately wounded.
* * * LOW HITPOINT WARNING * * *
You feel sick. You block the adder's attack.
You should not fight recklessly!
You should not fight recklessly!
You slash the adder!
You kill the adder!
Your Axes skill increases to level 3!
The rat closely misses you.
There is a lethal amount of poison in your body!
You barely miss the rat.
* * * LOW HITPOINT WARNING * * *
You feel sick. You block the rat's attack.
Unknown command.
Your shield prevents you from hitting the rat.
You block the rat's attack.
You are too injured to fight recklessly!
You slash the rat!
You kill the rat!
You die...

.....#... .......# .#
.#.....# ..# .......#
..# .#.#.#.# ####.#
...#.# #....#
...#.#####.##.######.#..
..............#.#†....#
.###.#####....#.@#
..........###.#.##
.....####.# #!..#
.....'....# #.###
.....#######... .....#
#[... .....# #..... {
>....# #......
.....#######.......


There were no monsters in sight!

Vanquished Creatures
  A crimson imp (D:2)
  5 adders (D:2)
  3 oozes
  A leopard gecko (D:1)
  A ball python (D:1)
  2 giant cockroaches
  2 goblins
  5 hobgoblins
  A jackal (D:2)
  8 kobolds
  4 bats
  4 frilled lizards (D:1)
  5 rats
42 creatures vanquished.

Vanquished Creatures (others)
  A bat (D:1)
  A frilled lizard (D:1)
  A kobold (D:1)
  A rat (D:1)
4 creatures vanquished.

Grand Total: 46 creatures vanquished

Notes
Turn   | Place    | Note
-------+----------+-------------------------------------------
     0 | D:1      | Naow the Formicid Fighter began the quest for the Orb.
     0 | D:1      | Reached XP level 1. HP: 18/18 MP: 1/1
    54 | D:1      | Reached XP level 2. HP: 25/25 MP: 2/2
   217 | D:1      | Reached XP level 3. HP: 23/30 MP: 3/3
  1066 | D:2      | Reached XP level 4. HP: 37/37 MP: 4/4
  1198 | D:2      | Reached XP level 5. HP: 21/42 MP: 5/5
  1426 | D:2      | HP: 2/42 [poisoned by an adder]
  1431 | D:2      | Succumbed to an adder's poison

Vault maps used:
D:1:      dpeg_arrival_round_c, lemuel_flame_loot_1
D:2:      minmay_angry_zag, nicolae_overflow_crystal_walls, first_ration,
          minmay_split_cup_large

Skill      XL: |  1  2  3  4  5 |
---------------+----------------+-----
Shields        | 4 |  4.8
Fighting       | 4 |  4.1
Armour         | 4 |  4.0
Axes           | 3 |  3.0
Dodging        | |  0.2
Stealth        | |  0.1

Action                   |  1- 3 |  4- 6 || total
-------------------------+-------+-------++-------
Melee: War axe           |    73 |    79 ||   152
  Eat: Chunk             |       |     2 ||     2
Armor: Scale mail        |    35 |    42 ||    77
Dodge: Dodged            |    38 |    32 ||    70
Block: Shield            |    45 |    56 ||   101

Table legend:
 A = Non-vault XP
 B = Vault XP
 C = Vault XP percentage of total XP
 D = Non-vault monster count
 E = Vault monster count
 F = Vault count percentage of total count
                 A         B        C        D         E       F
            +---------+---------+-------+---------+---------+-------
      Total |     155 |      33 |  17.6 |      36 |       6 |  14.3
            +---------+---------+-------+---------+---------+-------
        D:1 |      53 |       0 |   0.0 |      26 |       0 |   0.0
        D:2 |     102 |      33 |  24.4 |      10 |       6 |  37.5
            +---------+---------+-------+---------+---------+-------
